 Dungeon Crawl Stone Soup version 0.31-a0-920-g28cbb04a8c (webtiles) character file.

Game seed: 9020301795739623218

242 ytrimaz the Ducker (level 6, -5/38 HPs)
             Began as an Octopode Shapeshifter on Oct 17, 2023.
             Killed from afar by an orc wizard (7 damage)
             ... with a magic dart
             ... on level 4 of the Dungeon.
             The game lasted 00:02:40 (2397 turns).

ytrimaz the Ducker (Octopode Shapeshifter)          Turns: 2397, Time: 00:02:41

Health: -5/38      AC:  1    Str: 13    XL:     6   Next: 9%
Magic:  15/15      EV: 15    Int: 13    God:
Gold:   171        SH:  0    Dex: 13    Spells: 5/5 levels left

rFire   . .          .
                       - Unarmed
rCold   . . .        (no shield)
rNeg    . . .        (helmet currently unavailable)
rPois   .            p - amulet of regeneration
rElec   .            k - ring of willpower
rCorr   .            o - ring of magical power
SInv    .            (no ring)
Will    +....        (no ring)
Stlth   ++           (no ring)
HPRegen 1.06/turn    (no ring)
MPRegen 0.14/turn    (no ring)
                     (no ring)

%: no passive effects
@: about to teleport, beast-form
A: beast (slay +1), almost no armour, amphibious, 8 rings, camouflage 1,
gelatinous body 1, (nimble swimmer 1), tentacles
a: Begin Untransformation


You were on level 4 of the Dungeon.
You were a hulking beast.
You visited 1 branch of the dungeon, and saw 4 of its levels.

You collected 171 gold pieces.


Innate Abilities, Weirdness & Mutations

You are a hulking beast.
Your limbs bulge with bestial killing power. (Slay +1)
You cannot wear most types of armour.
You are amphibious.
You can wear up to eight rings at the same time.
Your skin changes colour to match your surroundings (Stealth+).
Your rubbery body absorbs attacks. (AC +1, EV +1)
((You are camouflaged when in or above water. (Stealth+)))
You have tentacles for arms and can constrict up to eight enemies at once.


   Skills:
 - Level 1.0 Fighting
 + Level 6.2 Dodging
 - Level 3.0 Unarmed Combat
 - Level 3.0 Shapeshifting


You had 5 spell levels left.
You didn't know any spells.
Your spell library contained the following spells:

 Spells                   Type           Power      Damage    Failure   Level
 Ozocubu's Armour         Ice            0%         N/A       67%         3
 Metabolic Englaciation   Hex/Ice        0%         N/A       100%        5
 Simulacrum               Ice/Necr       0%         N/A       100%        6

Inventory:

Missiles
 j - 3 throwing nets
Jewellery
 k - a ring of willpower (left tentacle)
   (You found it on level 3 of the Dungeon)
 o - a ring of magical power (right tentacle)
   (You found it on level 3 of the Dungeon)
 p - an amulet of regeneration (around mantle)
   (You found it on level 4 of the Dungeon)
Talismans
 b - a beast talisman (active)
 c - a flux talisman
Scrolls
 l - 2 scrolls of enchant weapon
 m - a scroll of immolation
 q - a scroll of identify
Potions
 a - a potion of lignification
 d - a potion of haste
 e - a potion of degeneration {unknown}
 f - 2 potions of heal wounds
 g - a potion of curing {unknown}
 h - a potion of enlightenment {unknown}
 i - a potion of cancellation {unknown}

Dungeon Overview and Level Annotations

Branches:
Dungeon (4/15) Zot: 21610
 Temple: D:4-7

Altars:
Dithmenos
Fedhas

#.........#...........#
#....)....#...........#
#.........#+#####.....#
#...............#....#
.................'....#
.................#######
.......................#.
.......................'.
..<.........h......o#'
###'#####..........o...
#.......####g##g..o....
#........#...g'........
#........'...g#.....w..
#.......##....#######..
##########.....'....# .
###g####....#
#..g...#....+


You could see a worm, an orc wizard, 3 gnolls and 2 orcs.


Message History

You kill Natasha!
You hear a faint echoing roar filled with hate and sorrow!
The cerulean imp disappears in a puff of smoke! 😮 HP[+1] Unknown command. 😮 HP[+1]
You open the door.
A howler monkey comes into view. 😎 HP[+10]
Your hp is fully restored (33).
A howler monkey is nearby!
Unknown command.
A howler monkey is nearby!
A howler monkey is nearby!
There is an open door here.
No target in view!
The howler monkey howls!
You tentacle-slap the howler monkey. Your grab misses the howler monkey.
You squeeze the howler monkey!
The howler monkey hoots and howls with incredible vigour!
You hear a shout! x8; You hear an angry hiss. x2
You closely miss the howler monkey. You grab the howler monkey.
You squeeze the howler monkey. You constrict the howler monkey.
The howler monkey hits you! 😕 HP[-7]
You take 7 damage, and now have 26/33 hp.
MASSIVE DAMAGE!! (PAUSE)
You completely miss the howler monkey. Your squeeze misses the howler monkey.
You constrict the howler monkey.
You kill the howler monkey!
Your Dodging skill increases to level 6!
You have reached level 6! 😕 HP[+5] MP[+1]
You now have 38 max hp (+5).
You regained 5 hp, and now have 31/38 hp.
Your mp is fully restored (15).
You open the door.
There is an open door here.
There is an open door here.
There is an open door here.
There is an open door here.
You open the door.
A gnoll comes into view. It is wielding a +0 spear.
The gnoll moves out of view. 😎 HP[+7]
Your hp is fully restored (38).
There is an open door here.
A gnoll is nearby!
A gnoll comes into view. It is wielding a +0 spear.
A gnoll comes into view. It is wielding a +0 whip.
The gnoll misses you.
A gnoll comes into view. It is wielding a +0 club.
There is an open door here.
You start waiting.
A gnoll is nearby!
You start waiting.
There are monsters nearby!
Okay, then.
Okay, then.
Unknown command.
The gnoll attacks as it pursues you!
The gnoll hits you from afar with a +0 spear.
An orc comes into view. It is wielding a +0 dagger. 😕 HP[-4]
You take 4 damage, and now have 34/38 hp.
An orc wizard comes into view. It is wielding a +1 dagger of venom.
The gnoll attacks as it pursues you! The gnoll hits you with a +0 whip.
The gnoll attacks as it pursues you!
The gnoll hits you from afar with a +0 spear!
There is an open door here. 😮 HP[-10]
You take 10 damage, and now have 24/38 hp.
MASSIVE DAMAGE!! (PAUSE)
An orc comes into view. It is wielding a +0 club.
The orc shouts!
The orc wizard points at you and mumbles some strange words.
The puff of flame hits you!
* * * LOW HITPOINT WARNING * * *
The gnoll attacks as it pursues you! The gnoll barely misses you.
A worm comes into view. 😨 HP[-9]
You take 9 damage, and now have 15/38 hp.
MASSIVE DAMAGE!! (PAUSE)
As you read the scroll of teleportation, it crumbles to dust.
You feel strangely unstable. The gnoll hits you with a +0 whip!
* * * LOW HITPOINT WARNING * * *
😱 HP[-8]
You take 8 damage, and now have 7/38 hp.
MASSIVE DAMAGE!! (PAUSE)
The gnoll attacks as it pursues you! The gnoll hits you with a +0 whip!
* * * LOW HITPOINT WARNING * * *
Something unseen breaks down the door. 😱 HP[-6]
You take 6 damage, and now have 1/38 hp.
Unknown command.
Unknown command.
The orc wizard gestures at you while chanting.
The magic dart hits you!
You die...

Skill      XL: |  1  2  3  4  5 |
---------------+----------------+-----
Dodging        | 3 4 5 6 |  6.2
Fighting       | |  1.0
Unarmed Combat | |  3.0
Shapeshifting  | |  3.0

Action                     |  1- 3 |  4- 6 || total
---------------------------+-------+-------++-------
  Melee: Unarmed           |    57 |    61 ||   118
         Tentacles         |    11 |    11 ||    22
         Constrict         |    12 |     8 ||    20
         Punch             |     1 |     2 ||     3
    Use: Potion            |       |     2 ||     2
         Scroll            |       |     6 ||     6
   Stab: Sleeping          |     6 |     3 ||     9
 Armour: Skin              |    24 |    52 ||    76
  Dodge: Dodged            |    32 |    22 ||    54

Levels and vault maps discovered:
D:1:      mushboom_english_gardens, layout_basic
D:2:      layout_rooms
D:3:      layout_loops_ring, lemuel_round_altar, lemuel_round_altar,
          ebering_ecumenical_altar_abandoned
D:4:      layout_gridville, uniq_grinder, uniq_natasha

Notes
Turn   | Place    | Note
-------+----------+-------------------------------------------
     0 | D:1      | ytrimaz the Octopode Shapeshifter began the quest for the
                  | Orb.
     0 | D:1      | Reached XP level 1. HP: 13/13 MP: 1/1
     0 | D:1      | magus.rc [v1.9.6]
   201 | D:1      | Reached XP level 2. HP: 18/18 MP: 2/2
   295 | D:1      | Reached skill level 3 in Dodging
   377 | D:1      | You fall into a shaft and drop 1 floor!
   407 | D:2      | HP: 4/18 [poisoned by a kobold]
   650 | D:1      | Reached XP level 3. HP: 19/23 MP: 3/3
   677 | D:1      | You pick up a book of Winter and begin reading...
   677 | D:1      | You add the spells Ozocubu's Armour, Metabolic Englaciation
                  | and Simulacrum to your library.
   946 | D:2      | Reached skill level 4 in Dodging
  1099 | D:2      | Reached XP level 4. HP: 28/28 MP: 4/4
  1377 | D:3      | Found a faded altar of an unknown god.
  1487 | D:3      | Found a shadowy altar of Dithmenos.
  1501 | D:3      | Reached skill level 5 in Dodging
  1501 | D:3      | Reached XP level 5. HP: 25/33 MP: 5/5
  1778 | D:3      | Found a blossoming altar of Fedhas.
  1867 | D:3      | Identified the +7 whip of Usmuen {heavy, rElec rC+}
  2329 | D:4      | Noticed Natasha
  2336 | D:4      | Killed Natasha
  2356 | D:4      | Reached skill level 6 in Dodging
  2356 | D:4      | Reached XP level 6. HP: 31/38 MP: 6/6
  2395 | D:4      | HP: 7/38 [gnoll/+0 whip (9)]
  2396 | D:4      | HP: 1/38 [gnoll/+0 whip (7)]
  2397 | D:4      | Killed from afar by an orc wizard

Vanquished Creatures
  A howler monkey (D:4)
  A hound (D:3)
  An iguana (D:4)
  Natasha (D:4)
  2 orc wizards (D:3)
  2 adders (D:2)
  2 worms
  4 orcs (D:3)
  6 bats
  5 endoplasms
  A giant cockroach (D:1)
  5 goblins
  4 hobgoblins
  6 kobolds
  3 quokkas
  A ball python (D:2)
  2 frilled lizards
  5 rats
52 creatures vanquished.

Table legend:
 A = Non-vault XP
 B = Vault XP
 C = Vault XP percentage of total XP
 D = Non-vault monster count
 E = Vault monster count
 F = Vault count percentage of total count
                 A         B        C        D         E       F
            +---------+---------+-------+---------+---------+-------
      Total |     312 |      35 |  10.1 |      51 |       1 |   1.9
            +---------+---------+-------+---------+---------+-------
        D:1 |      30 |       0 |   0.0 |      17 |       0 |   0.0
        D:2 |      55 |       0 |   0.0 |      17 |       0 |   0.0
        D:3 |     134 |       0 |   0.0 |      13 |       0 |   0.0
        D:4 |      93 |      35 |  27.3 |       4 |       1 |  20.0
            +---------+---------+-------+---------+---------+-------

Skill      XL: |  1  2  3  4  5 |
---------------+----------------+-----
Dodging        | 3 4 5 6 |  6.2
Fighting       | |  1.0
Unarmed Combat | |  3.0
Shapeshifting  | |  3.0

Action                     |  1- 3 |  4- 6 || total
---------------------------+-------+-------++-------
  Melee: Unarmed           |    57 |    61 ||   118
         Tentacles         |    11 |    11 ||    22
         Constrict         |    12 |     8 ||    20
         Punch             |     1 |     2 ||     3
    Use: Potion            |       |     2 ||     2
         Scroll            |       |     6 ||     6
   Stab: Sleeping          |     6 |     3 ||     9
 Armour: Skin              |    24 |    52 ||    76
  Dodge: Dodged            |    32 |    22 ||    54

Illustrated notes

Table legend:
 A = Kills in this place as a percentage of kills in the entire game.
 B = Kills by you in this place as a percentage of kills by you in the entire game.
 C = Kills by friends in this place as a percentage of kills by friends in the entire game.
 D = Other kills in this place as a percentage of other kills in the entire game.
 E = Experience gained in this place as a percentage of experience gained in the entire game.
 F = Experience gained in this place divided by the number of levels of this place that you have seen.
                   A       B       C       D       E      F
               +-------+-------+-------+-------+-------+----------------------
         Total | 100.0 | 100.0 |   N/A |   N/A | 100.0 |  86.8
       Dungeon | 100.0 | 100.0 |   N/A |   N/A | 100.0 |  86.8
               +-------+-------+-------+-------+-------+----------------------

Table legend: (Time is in decaauts)
 A = Elapsed time spent in this place.
 B = Non-inter-level travel time spent in this place.
 C = Inter-level travel time spent in this place.
 D = Time resting spent in this place.
 E = Time spent auto-exploring this place.
 F = Levels seen in this place.
 G = Mean time per level.
                   A        B        C        D        E       F      G
               +--------+--------+--------+--------+--------+-----+--------+
         Total |   2388 |   2296 |     92 |      6 |   1877 |   4 |  597.0 |
       Dungeon |   2388 |   2296 |     92 |      6 |   1877 |   4 |  597.0 |
               +--------+--------+--------+--------+--------+-----+--------+

Top non-repeatable levels by time:
     D:3: 803 daAuts
     D:2: 697 daAuts
     D:1: 675 daAuts
     D:4: 211 daAuts
